 Dungeon Crawl Stone Soup version 0.28.0-45-g0d030f2227 (webtiles) character file.

Game seed: 7082418188440998612

6431 Mesmaeker13 the Geomancer (level 10, -6/56 HPs)
             Began as an Octopode Earth Elementalist on Apr 24, 2022.
             Was a Follower of Vehumet.
             Shot with a bolt by a kobold (11 damage)
             ... on level 9 of the Dungeon.
             The game lasted 00:16:30 (10884 turns).

Mesmaeker13 the Geomancer (OpEE)                   Turns: 10884, Time: 00:16:31

Health: -6/56      AC:  1    Str:  8    XL:     10   Next: 99%
Magic:  5/20       EV: 16    Int: 30    God:    Vehumet [*.....]
Gold:   1532       SH:  0    Dex: 12    Spells: 13/23 levels left

rFire   . . .      SeeInvis +   y - +8 falchion of the Elven Halls {holy, Int+2}
rCold   + . .      Faith    .   (no shield)
rNeg    + . .      Spirit   .   C - +0 hat
rPois   .          Reflect  .   (no amulet)
rElec   .          Harm     .   f - ring of positive energy
rCorr   .          Rampage  .   k - ring of ice
Will    .....      Rage     1%  d - ring "Qinievia" {rF+ SInv}
Stlth   +++.......              D - +6 ring of intelligence
HPRegen 0.18/turn               (no ring)
MPRegen 0.17/turn               (no ring)
                                (no ring)
                                (no ring)

@: about to teleport
A: almost no armour, amphibious, 8 rings, camouflage 1, gelatinous body 1,
(nimble swimmer 1), tentacles, berserk 1
a: Renounce Religion


You were on level 9 of the Dungeon.
You worshipped Vehumet.
Vehumet was aware of your devotion.
You visited 2 branches of the dungeon, and saw 10 of its levels.

You collected 1532 gold pieces.

Inventory:

Hand Weapons
 i - a +0 trident
 o - a +2 scimitar of flaming
 r - a +2 spear of electrocution
 y - the +8 falchion of the Elven Halls (weapon) {holy, Int+2}
   (You found it on level 4 of the Dungeon)

   It has been blessed by the Shining One to cause great damage to the undead
   and demons.
   Int:       It affects your intelligence (+2).
Missiles
 b - 103 stones
 x - 3 throwing nets (quivered)
Armour
 C - a +0 hat (worn)
Jewellery
 d - the ring "Qinievia" (on tentacle) {rF+ SInv}
   (You acquired it on level 6 of the Dungeon)

   [ring of protection from fire]

   rF:        It protects you from fire.
   SInv:      It lets you see invisible.
 f - a ring of positive energy (left tentacle)
 k - a ring of ice (right tentacle)
 D - a +6 ring of intelligence (on tentacle)
Wands
 c - a wand of charming (3)
 A - a wand of digging (2)
Scrolls
 a - a scroll of immolation
 e - a scroll of vulnerability {unknown}
 g - a scroll of torment
 h - 3 scrolls of enchant armour
 j - a scroll of blinking
 n - 2 scrolls of magic mapping {unknown}
 p - 2 scrolls of noise {unknown}
 q - a scroll of holy word {unknown}
 v - 3 scrolls of enchant weapon {unknown}
 w - a scroll of fear {unknown}
 z - a scroll of teleportation
Potions
 l - a potion of flight
 m - a potion of mutation
 s - a potion of cancellation
 t - a potion of attraction
 u - 2 potions of might


   Skills:
 + Level 8.1 Dodging
 - Level 2.6 Stealth
 - Level 7.1 Spellcasting
 + Level 7.5 Conjurations
 * Level 2.9 Hexes
 - Level 4.1 Transmutations
 + Level 8.5 Earth Magic


You had 13 spell levels left.
You knew the following spells:

 Your Spells              Type           Power      Damage    Failure   Level
a - Sandblast             Erth           100%       2d20      1%          1
b - Stone Arrow           Conj/Erth      100%       3d13      1%          3
c - Passwall              Tmut/Erth      40%        N/A       1%          2
d - Fulminant Prism       Conj/Hex       21%        3d13      5%          4

Your spell library contained the following spells:

 Spells                   Type           Power      Damage    Failure   Level
 Shock                    Conj/Air       100%       1d9       1%          1
 Foxfire                  Conj/Fire      100%       2x1d9     1%          1
 Magic Dart               Conj           100%       1d8       1%          1
 Searing Ray              Conj           100%       2d8       1%          2
 Conjure Flame            Conj/Fire      33%        6-21      3%          3
 Petrify                  Tmut/Erth      48%        N/A       3%          4
 Pain                     Necr           40%        1d6       4%          1
 Inner Flame              Hex/Fire       19%        N/A       8%          3
 Flame Wave               Conj/Fire      33%        2d8       10%         4
 Agony                    Necr           10%        N/A       78%         5
 Excruciating Wounds      Necr           5%         N/A       78%         5


Dungeon Overview and Level Annotations

Branches:
Dungeon (9/15)             Temple (1/1) D:7            Lair (0/6) D:8
    Orc (0/2) D:9

Altars:
Gozag
Hepliaklqana
Kikubaaqudgha
Okawaru
Qazlal
Uskayaw
Vehumet
Wu Jian
Xom

Shops:
D:6 *=

Annotations:
D:7 1 runed translucent door, protoss039's ghost, novice GrGl


Innate Abilities, Weirdness & Mutations

You cannot wear most types of armour.
You are amphibious.
You can wear up to eight rings at the same time.
Your skin changes colour to match your surroundings (Stealth+).
Your rubbery body absorbs attacks. (AC +1, EV +1)
((You are camouflaged when in or above water. (Stealth+)))
You have tentacles for arms and can constrict up to eight enemies at once.
You tend to lose your temper in combat.


Message History

You conjure a prism of explosive energy!
A fulminant prism comes into view.
The kobold brigand throws a poisoned dart.
The poisoned dart hits your fulminant prism!
The centaur shoots an arrow.
The arrow hits you! The kobold closely misses you.
Okay, then.
Okay, then.
Okay, then.
The centaur shoots an arrow.
The arrow hits you!
* * * LOW HITPOINT WARNING * * *
The kobold shoots a bolt.
The bolt barely misses you.
The kobold throws a stone.
The stone hits you.
* * * LOW HITPOINT WARNING * * *
Your fulminant prism crackles loudly.
Unknown command.
It was a potion of cancellation.
You feel magically purged.
The kobold throws a stone.
The stone hits you.
* * * LOW HITPOINT WARNING * * *
Your fulminant prism explodes!
The blast of energy engulfs the kobold!!
You kill the kobold!
Vehumet accepts your kill.
The blast of energy engulfs the kobold brigand!!
You kill the kobold brigand!
Vehumet accepts your kill.
You feel your power returning.
Unknown command.
Unknown command.
Blink to where?
Press: ? - help, Dir - move target
Found a staircase to the Orcish Mines.
As you read the scroll labelled FASHYPN VUCOAH, it crumbles to dust.
It was a scroll of blinking.
The centaur shoots an arrow.
The arrow barely misses you.
The kobold shoots a bolt.
The bolt barely misses you.
Okay, then.
As you read the scroll of teleportation, it crumbles to dust.
You feel strangely unstable.
The centaur shoots an arrow.
The arrow barely misses you.
The kobold shoots a bolt.
The bolt hits you!
You die...

.≈≈≈≈≈...≈≈≈≈≈.........)†.
.≈≈≈≈≈...≈≈≈≈≈..§..K(.....
.≈≈≈≈≈≈≈≈≈≈≈≈≈...c........
.)≈≈≈≈≈≈≈≈≈≈≈≈..K.....####
)≈≈≈≈≈≈≈≈≈≈≈≈≈.(......#
.≈≈≈≈≈≈≈≈≈≈≈≈≈$..>....#
#≈≈≈≈≈≈≈≈≈≈≈≈≈##.######
#####...#.#### #.# #.....#
#@# #...### #.# #...# #.#
#...# #.. #...# #.> #...#
#### #...# #...#


You could see a centaur and 2 kobolds.

Vanquished Creatures
  Harold (D:8)
  Erica (D:8)
  A two-headed ogre (D:9)
  Pikel (D:5)
  Grinder (D:3)
  A wyvern (D:8)
  2 steam dragons (D:8)
  Menkaure (D:6)
  A water moccasin (D:6)
  2 ice beasts
  3 black bears
  3 orc warriors (D:8)
  2 centaurs (D:9)
  3 ogres
  A phantom (D:7)
  2 kobold brigands
  3 bullfrogs
  8 scorpions
  3 killer bees (D:9)
  10 wights
  A howler monkey (D:4)
  2 centaur zombies
  A jelly (D:4)
  4 orc priests
  A gnoll shaman (D:5)
  A bullfrog skeleton (D:4)
  Ijyb (D:3)
  An iguana (D:6)
  5 orc wizards
  Natasha (D:2)
  A killer bee zombie (D:6)
  Robin (D:2)
  2 howler monkey zombies
  6 gnolls
  8 adders
  2 white imps
  A worm (D:2)
  3 dart slugs
  22 orcs
  5 endoplasms
  5 giant cockroaches
  19 goblins
  6 hobgoblins
  5 quokkas
  5 ball pythons
  4 bats
  5 frilled lizards
  12 kobolds
  5 rats
185 creatures vanquished.

Vanquished Creatures (others)
  3 fulminant prisms (D:9)
  2 fungi (D:8)
  8 plants
13 creatures vanquished.

Grand Total: 198 creatures vanquished

Notes
Turn   | Place    | Note
-------+----------+-------------------------------------------
     0 | D:1      | Mesmaeker13 the Octopode Earth Elementalist began the quest
                  | for the Orb.
     0 | D:1      | Reached XP level 1. HP: 11/11 MP: 3/3
   412 | D:1      | Reached XP level 2. HP: 17/17 MP: 0/5
  1063 | D:1      | Reached XP level 3. HP: 18/21 MP: 6/6
  1190 | D:2      | Learned a level 3 spell: Stone Arrow
  1498 | D:2      | Noticed Robin
  1648 | D:3      | Reached XP level 4. HP: 25/27 MP: 7/7
  1705 | D:3      | Noticed Grinder
  1733 | D:3      | Killed Grinder
  1734 | D:3      | Reached XP level 5. HP: 31/31 MP: 2/10
  1734 | D:3      | Reached XP level 6. HP: 36/36 MP: 2/11
  2387 | D:3      | Noticed Ijyb
  2392 | D:3      | Killed Ijyb
  2531 | D:3      | Found a hazy altar of Hepliaklqana.
  2772 | D:2      | Killed Robin
  2984 | D:2      | Noticed Natasha
  2991 | D:2      | Killed Natasha
  3672 | D:2      | Found a faded altar of an unknown god.
  3803 | D:4      | Identified the +7 glaive of Intye {antimagic, Stlth+}
  3836 | D:4      | Reached XP level 7. HP: 41/41 MP: 9/12
  4137 | D:4      | Identified the +8 falchion of the Elven Halls {holy, Int+2}
  4402 | D:4      | Reached skill level 5 in Earth Magic
  4507 | D:5      | Entered Level 5 of the Dungeon
  4524 | D:5      | Found a shimmering altar of Xom.
  4570 | D:5      | Found a stormy altar of Qazlal.
  4570 | D:5      | Found an iron altar of Okawaru.
  5033 | D:5      | Reached XP level 8. HP: 46/46 MP: 9/14
  5189 | D:5      | Noticed Pikel
  5196 | D:5      | Killed Pikel
  5197 | D:5      | Reached skill level 5 in Dodging
  5197 | D:5      | Reached skill level 5 in Spellcasting
  5449 | D:5      | Reached skill level 5 in Conjurations
  5590 | D:5      | Reached XP level 9. HP: 51/51 MP: 11/17
  5703 | D:6      | Identified a scroll of acquirement
  5704 | D:6      | Acquired the ring "Qinievia" {rF+ SInv}
  5740 | D:6      | Found Ygguqeoxt's General Store.
  5750 | D:6      | Noticed Menkaure
  5909 | D:6      | Killed Menkaure
  5968 | D:6      | You fall into a shaft and drop 1 floor!
  6092 | D:6      | Found Ysewoug's Jewellery Boutique.
  6237 | D:6      | Found a hide-covered altar of Uskayaw.
  6476 | D:6      | Learned a level 2 spell: Passwall
  6783 | D:7      | Found a runed translucent door.
  6783 | D:7      | Noticed protoss039's ghost (novice GrGl)
  7265 | D:7      | Found a staircase to the Ecumenical Temple.
  7278 | Temple   | Entered the Ecumenical Temple
  7328 | Temple   | Became a worshipper of Vehumet
  7636 | D:8      | Noticed Harold
  7643 | D:8      | Killed Harold
  7644 | D:8      | Reached XP level 10. HP: 7/56 MP: 9/19
  7644 | D:8      | Gained mutation: You tend to lose your temper in combat.
                  | [potion of mutation]
  8526 | D:8      | Acquired 1066 gold pieces
  8555 | D:8      | Found a staircase to the Lair.
  8733 | D:8      | Noticed Erica
  8747 | D:8      | Killed Erica
 10323 | D:9      | Noticed a two-headed ogre
 10334 | D:9      | Learned a level 4 spell: Fulminant Prism
 10445 | D:9      | Reached * piety under Vehumet
 10445 | D:9      | Offered knowledge of Shock by Vehumet.
 10477 | D:9      | Killed a two-headed ogre
 10883 | D:9      | Found a staircase to the Orcish Mines.
 10884 | D:9      | Shot with a bolt by a kobold

Illustrated notes

Levels and vault maps discovered:
D:1:      giann_wishing_wells, layout_basic
D:2:      layout_basic, chequers_ecumenical_altar_simple_redux, uniq_natasha,
          uniq_robin
D:3:      layout_basic, nicolae_hepliaklqana_hippocampus,
          nicolae_concentric_dashed_squares_wild, uniq_ijyb, uniq_grinder
D:4:      layout_cave_pools
D:5:      layout_loops_ring, grunt_temple_overflow_open, serial_bayou,
          serial_bayou_lagoon_b, serial_bayou_pond_d, serial_bayou_pond_d,
          serial_bayou_shore_a, kennysheep_generic_room_16, uniq_pikel
D:6:      layout_gridville, nicolae_uskayaw_dance_studio, serial_shops,
          nicolae_shop_stone, chequers_serial_rivers_room_a,
          roderic_roman_lattice, minmay_shop_enchanted_jewellery, uniq_menkaure
D:7:      layout_basic, minmay_temple_entry_antechambers,
          hellmonk_ghost_happy_afterlife, kennysheep_big_empty_room
D:8:      layout_layer_cave, grunt_lair_entry_orc_guard_hut,
          hangedman_abyss_or_decor_clamps, grunt_ministairs_15, uniq_harold,
          uniq_erica
D:9:      nicolae_whirlpool, layout_cross,
          chequers_temple_overflow_statue_of_worship, orc_0_dummy,
          serial_park_tiny_2, nrook_pool_corridor, uniq_erolcha
Temple:   jpeg_temple_clearing

Skill      XL: |  1  2  3  4  5  6  7  8  9 10 |
---------------+-------------------------------+-----
Dodging        | 3 4 5 7 8 |  8.1
Spellcasting   | 3 4 5 6 7 |  7.1
Conjurations   | 2 3 5 6 7 |  7.5
Earth Magic    | 4 5 6 7 8 |  8.5
Transmutations | 2 4 |  4.1
Hexes          | 2 |  2.9
Stealth        | |  2.6

Action                   |  1- 3 |  4- 6 |  7- 9 | 10-12 || total
-------------------------+-------+-------+-------+-------++-------
Melee: Spear             |    50 |    87 |    33 |       ||   170
       Tentacles         |    11 |    23 |     3 |       ||    37
       Constrict         |     8 |    25 |     7 |     1 ||    41
       Punch             |       |     1 |       |       ||     1
       Falchion          |       |       |     2 |     6 ||     8
Throw: Throwing net      |       |       |       |     5 ||     5
 Cast: Sandblast         |    23 |    39 |    67 |     8 ||   137
       Stone Arrow       |       |       |    37 |    61 ||    98
       Fulminant Prism   |       |       |       |     3 ||     3
Evoke: Wand              |       |       |     5 |     1 ||     6
  Use: Scroll            |       |     1 |     5 |     5 ||    11
       Potion            |       |       |       |     7 ||     7
 Stab: Sleeping          |     7 |     3 |     6 |       ||    16
       Distracted        |       |     2 |       |       ||     2
Armor: Skin              |     2 |     3 |       |     1 ||     6
Dodge: Dodged            |    24 |    44 |    22 |    33 ||   123
